 Dungeon Crawl Stone Soup version 0.30.1-3-gfc49f6343a (webtiles) character file.

Game seed: 1627221682189541280

4006 GeoRichter the Arsonist (level 10, -5/71 HPs)
             Began as a Demonspawn Fire Elementalist on Aug 8, 2023.
             Was an Initiate of Gozag.
             Shot with an arrow by a centaur warrior (17 damage)
             ... on level 8 of the Dungeon.
             The game lasted 00:16:27 (9238 turns).

GeoRichter the Arsonist (DsFE)                      Turns: 9238, Time: 00:16:27

Health: -5/71      AC:  8    Str:  8    XL:     10   Next: 3%
Magic:  29/29      EV: 12    Int: 25    God:    Gozag
Gold:   905        SH:  0    Dex: 14    Spells: 20/23 levels left

rFire   . . .        m - +2 dagger (venom)
rCold   . . .        (no shield)
rNeg    + . .        s - +2 robe of Devotion {Drain rPois rN+}
rPois   +            (no helmet)
rElec   .            r - +2 cloak
rCorr   .            p - +0 pair of gloves
SInv    +            (no boots)
Will    .....        (no amulet)
Stlth   ++           l - ring of magical power
HPRegen 0.31/turn    e - ring of see invisible
MPRegen 0.21/turn

%: no passive effects
@: mighty
A: powered by death 1, powered by pain 1, big brain 2, weakness stinger 1
a: Renounce Religion, Potion Petition, Call Merchant, Bribe Branch


You were on level 8 of the Dungeon.
You worshipped Gozag.
Gozag was pleased with you.
You visited 2 branches of the dungeon, and saw 9 of its levels.
You also visited: Sewer.

You collected 1019 gold pieces.
You paid 114 gold pieces to Gozag.

Inventory:

Hand Weapons
 m - a +2 dagger of venom (weapon)
   (You took it off a kobold on level 2 of the Dungeon)
Missiles
 n - 2 throwing nets {!f}
 H - 2 curare-tipped darts {!f}
Armour
 a - a +1 robe
 p - a +0 pair of gloves (worn)
   (You found it on level 3 of the Dungeon)
 r - a +2 cloak (worn)
   (You took it off Crazy Yiuf on level 3 of the Dungeon)
 s - the +2 robe of Devotion (worn) {Drain rPois rN+}
   (You found it on level 4 of the Dungeon)

   rPois:     It protects you from poison.
   rN:        It protects you from negative energy.
   Drain:     It drains your maximum health when unequipped.
 y - a scarf of resistance
   (You found it on level 4 of the Dungeon)
Jewellery
 e - a ring of see invisible (right hand)
   (You found it on level 2 of the Dungeon)
 l - a ring of magical power (left hand)
   (You found it on level 2 of the Dungeon)
 F - a ring of protection from fire
   (You found it on level 6 of the Dungeon)
 L - a +4 ring of slaying
   (You found it on level 7 of the Dungeon)
Wands
 f - a wand of roots (4)
   (You took it off Duvessa on level 4 of the Dungeon)
 o - a wand of light (1)
   (You took it off a gnoll on level 2 of the Dungeon)
 A - a wand of mindburst (16)
   (You found it on level 5 of the Dungeon)
 I - a wand of polymorph (18)
   (You took it off Joseph on level 7 of the Dungeon)
 K - a wand of flame (15)
   (You found it on level 7 of the Dungeon)
Scrolls
 c - 2 scrolls of blinking
 h - 2 scrolls of magic mapping
 j - a scroll of enchant weapon {unknown}
 k - 4 scrolls of identify {@r1}
 t - 2 scrolls of enchant armour
 w - a scroll of amnesia {unknown}
 x - a scroll of vulnerability {!r}
 D - a scroll of immolation {unknown}
 G - a scroll of fear
 J - 2 scrolls of teleportation {@r4}
 M - a scroll of noise {unknown}
Potions
 b - 6 potions of mutation {!q}
 d - 5 potions of curing {@q1}
 g - 5 potions of flight {unknown}
 i - a potion of resistance {unknown}
 q - 3 potions of lignification {unknown}
 u - 2 potions of magic
 v - a potion of brilliance {unknown}
 z - a potion of degeneration {unknown}
 B - 2 potions of heal wounds {@q2}
 C - a potion of attraction {unknown}
 E - a potion of invisibility {unknown}


   Skills:
 + Level 3.7 Fighting
 - Level 1.7 Dodging
 - Level 1.7 Stealth
 - Level 7.0 Spellcasting
 * Level 8.2 Conjurations
 - Level 8.3 Fire Magic


You had 20 spell levels left.
You knew the following spells:

 Your Spells              Type           Power      Damage    Failure   Level
a - Foxfire               Conj/Fire      100%       2x1d9     1%          1
b - Scorch                Fire           100%       2d9       1%          2

Your spell library contained the following spells:

 Spells                   Type           Power      Damage    Failure   Level
 Magic Dart               Conj           100%       1d8       1%          1
 Searing Ray              Conj           100%       2d8       1%          2
 Flame Wave               Conj/Fire      50%        2d12      2%          4
 Inner Flame              Hex/Fire       29%        N/A       3%          3
 Volatile Blastmotes      Fire/Tloc      58%        2d14      3%          3
 Apportation              Tloc           16%        N/A       7%          1
 Necrotise                Necr           32%        1d5       7%          1
 Summon Small Mammal      Summ           32%        N/A       7%          1
 Fulminant Prism          Conj/Hex       14%        3d8       12%         4
 Iskenderun's Mystic Bla  Conj/Tloc      29%        2d7       12%         4
 Portal Projectile        Hex/Tloc       16%        N/A       21%         3
 Tukima's Dance           Hex            8%         N/A       21%         3
 Blade Hands              Tmut           4%         N/A       88%         5
 Lee's Rapid Deconstruct  Erth           4%         3d5*      88%         5


Dungeon Overview and Level Annotations

Branches:
Dungeon (8/15) Zot: 25898  Temple (1/1) D:5 Zot: 5872   Sewer (visited)
   Lair: D:8-11

Altars:
Ashenzari
Cheibriados
Dithmenos
Fedhas
Gozag
Hepliaklqana
Kikubaaqudgha
Makhleb
Nemelex Xobeh
Okawaru
Qazlal
Ru
Sif Muna
Trog
Uskayaw
Vehumet
Wu Jian
Yredelemnul


Innate Abilities, Weirdness & Mutations

You regenerate a little health from kills.
You sometimes gain a little power by taking damage.
You have an extremely huge brain. (Int +4)
You have a small tail.


Message History

The foxfire hits the centaur.
The centaur is burned terribly!
The centaur is heavily wounded.
The foxfire hits the centaur.
The centaur is burned terribly!
The centaur is heavily wounded.
Casting: Scorch (safe; 1% risk of failure)
Confirm with . or Enter, or press ? or * to list all spells.
Flames lash the centaur.
The centaur is burned terribly!
The centaur is almost dead.
The centaur shoots an arrow.
The arrow hits you.
Casting: Scorch (safe; 1% risk of failure)
Confirm with . or Enter, or press ? or * to list all spells.
Flames lash the centaur.
The centaur is burned terribly!
You kill the centaur!
HP restored.
Key pressed, stopping explore.
You now have 905 gold pieces (gained 23).
Things that are here:
a +0 shortbow; a +0 trident; a +0 scale mail An orc priest and a centaur warrior come into view.
The orc priest shouts!
There are monsters nearby!
There are monsters nearby!
You conjure some foxfire!
The centaur warrior shouts!
The foxfire hits the orc priest but does no damage.
The centaur warrior wields a +0 shortbow.
The centaur warrior shoots an arrow.
The arrow hits you!!
You focus on the pain.
You feel very mighty all of a sudden.
Your foxfire dissipates!
Things that are here:
a +0 shortbow; a +0 trident; a +0 scale mail The centaur warrior shoots an arrow.
The arrow hits you!
* * * LOW HITPOINT WARNING * * *
You focus on the pain.
You feel mightier all of a sudden.
The centaur warrior shoots an arrow.
The arrow hits you!!
* * * LOW HITPOINT WARNING * * *
Really quaff
b - 6 potions of mutation {!q}?
Okay, then.
You feel much better.
The centaur warrior shoots an arrow.
The arrow hits you.
* * * LOW HITPOINT WARNING * * *
Blink to where?
Press: ? - help, Dir - move target
As you read the scroll of blinking, it crumbles to dust.
The centaur warrior shoots an arrow.
The arrow hits you!
* * * LOW HITPOINT WARNING * * *
The centaur warrior shoots an arrow.
The arrow hits you!
You die...
Your body crumbles into a pile of gold.

..#.......##.#.#.#
#.......##.#.#.#
#......##.....#
##..c)..###.###
##.##...##)#
#$§##...#.#
##$§##§'#)#
##§####).# o. ##@#
..c #.# $ .... #.#
....##.############
$
h...#.............#
######
#############.#
#....# #.# ###....#
#.# .......# #.#


You could see a centaur warrior.

Vanquished Creatures
  Joseph (D:7)
  Grinder (D:3)
  A wyvern (D:8)
  A steam dragon (D:8)
  2 water moccasins
  Duvessa (D:4)
  4 orc warriors
  A sky beast (D:7)
  4 ogres
  2 ice beasts
  3 centaurs
  3 kobold brigands
  3 scorpions
  3 bullfrogs (D:8)
  2 gnoll sergeants
  A wight (D:8)
  Dowan (D:4)
  5 howler monkeys
  A jelly (D:6)
  An orc priest (D:8)
  Crazy Yiuf (D:3)
  2 hounds
  3 iguanas
  2 orc wizards
  11 gnolls
  8 adders
  4 river rats (Sewer)
  A white imp (D:7)
  6 ufetubi
  16 orcs
  5 bats
  8 endoplasms
  3 giant cockroaches
  8 goblins
  6 hobgoblins
  7 jackals (D:1)
  7 quokkas
  9 ball pythons
  6 frilled lizards
  27 kobolds
  24 rats
205 creatures vanquished.

Vanquished Creatures (others)
  A water moccasin (D:7)
  377 foxfires
378 creatures vanquished.

Grand Total: 583 creatures vanquished

Notes
Turn   | Place    | Note
-------+----------+-------------------------------------------
     0 | D:1      | GeoRichter the Demonspawn Fire Elementalist began the quest
                  | for the Orb.
     0 | D:1      | Reached XP level 1. HP: 13/13 MP: 3/3
   270 | D:1      | Gained mutation: You regenerate a little health from kills.
                  | [demonic ancestry]
   270 | D:1      | Reached XP level 2. HP: 19/19 MP: 3/5
   645 | D:2      | Learned a level 2 spell: Scorch
   879 | D:2      | Gained mutation: You have an unusually large brain. (Int
                  | +2) [demonic ancestry]
   879 | D:2      | Reached XP level 3. HP: 24/24 MP: 4/6
  1012 | D:2      | Reached XP level 4. HP: 29/30 MP: 1/8
  2157 | D:3      | Found a runed translucent door.
  2158 | D:3      | Noticed Crazy Yiuf
  2203 | D:3      | Noticed Grinder
  2211 | D:3      | Killed Grinder
  2212 | D:3      | Reached skill level 5 in Fire Magic
  2212 | D:3      | Gained mutation: You have a small tail. [demonic ancestry]
  2212 | D:3      | Reached XP level 5. HP: 31/35 MP: 9/10
  2212 | D:3      | Reached XP level 6. HP: 36/41 MP: 9/11
  2753 | D:3      | Killed Crazy Yiuf
  2829 | D:4      | Identified the +2 robe of Devotion {Drain rPois rN+}
  2921 | D:4      | Noticed Duvessa
  2921 | D:4      | Noticed Dowan
  2929 | D:4      | Killed Dowan
  2970 | D:4      | Found a glowing drain.
  2985 | Sewer    | Entered a sewer
  3099 | Sewer    | Gained mutation: You have an extremely huge brain. (Int +4)
                  | [demonic ancestry]
  3099 | Sewer    | Reached XP level 7. HP: 46/46 MP: 10/13
  4212 | D:4      | Found a basalt altar of Yredelemnul.
  4214 | D:4      | Noticed a profane servitor
  4813 | D:4      | Killed Duvessa
  4814 | D:4      | Reached skill level 5 in Spellcasting
  4830 | D:5      | Entered Level 5 of the Dungeon
  5041 | D:4      | Noticed an angel
  5164 | D:5      | Found a staircase to the Ecumenical Temple.
  5185 | Temple   | Entered the Ecumenical Temple
  5302 | Temple   | Became a worshipper of Gozag Ym Sagoz the Greedy
  5409 | D:5      | Reached XP level 8. HP: 52/52 MP: 15/15
  7028 | D:7      | Noticed Joseph
  7155 | D:7      | Killed Joseph
  7156 | D:7      | Reached XP level 9. HP: 29/57 MP: 13/18
  7398 | D:7      | Reached skill level 5 in Conjurations
  8010 | D:6      | Noticed a rust devil
  8010 | D:6      | Noticed a rust devil
  8020 | D:7      | Reached skill level 1 in Fighting
  8588 | D:8      | Found a runed translucent door.
  9114 | D:8      | Gained mutation: You sometimes gain a little power by
                  | taking damage. [demonic ancestry]
  9114 | D:8      | Reached XP level 10. HP: 70/70 MP: 19/20
  9229 | D:8      | Noticed a centaur warrior
  9238 | D:8      | Shot with an arrow by a centaur warrior

Illustrated notes

Levels and vault maps discovered:
D:1:      minmay_arrival_pointy, layout_rooms
D:2:      layout_basic, minivault_27
D:3:      layout_basic, uniq_grinder, uniq_crazy_yiuf_cottage
D:4:      layout_loops_ring, grunt_temple_overflow_holy_war,
          portal_sewer_entry_f, uniq_duvessa
D:5:      layout_gridville, minmay_temple_entry_offerings
D:6:      cheibrodos_iron_armory, layout_cave_pools, minmay_misc_feat_plants,
          amcnicky_mini_rare_corridor_liquid, minmay_liquid_box
D:7:      layout_gridville, uniq_joseph
D:8:      cheibrodos_histonic, layout_basic, uniq_maurice
Temple:   nicolae_temple_two_arcs

Skill      XL: |  1  2  3  4  5  6  7  8  9 |
---------------+----------------------------+-----
Fire Magic     | 3 4 5 6 7 8 |  8.3
Spellcasting   | 3 4 5 6 7 |  7.0
Conjurations   | 4 8 |  8.2
Fighting       | 3 |  3.7
Dodging        | |  1.7
Stealth        | |  1.7

Action                     |  1- 3 |  4- 6 |  7- 9 | 10-12 || total
---------------------------+-------+-------+-------+-------++-------
  Melee: Dagger            |    16 |       |    17 |       ||    33
         Tailslap          |       |       |     1 |       ||     1
   Cast: Foxfire           |    51 |    28 |   136 |     3 ||   218
         Scorch            |     2 |    38 |   149 |     6 ||   195
  Evoke: Wand              |       |     4 |     5 |       ||     9
    Use: Potion            |     3 |       |     2 |     1 ||     6
         Scroll            |       |     5 |     6 |     1 ||    12
   Stab: Invisible         |       |       |     1 |       ||     1
 Armour: Robe              |     6 |     2 |    10 |     1 ||    19
  Dodge: Dodged            |    33 |     9 |    55 |     3 ||   100
